[Event "FICS rated blitz game"]
[Site "FICS freechess.org"]
[FICSGamesDBGameNo "20000697"]
[White "javaman"]
[Black "Andros"]
[WhiteElo "1235"]
[BlackElo "1214"]
[WhiteRD "na"]
[BlackRD "na"]
[TimeControl "300+0"]
[Date "1999.05.24"]
[Time "21:35:00"]
[WhiteClock "0:05:00.000"]
[BlackClock "0:05:00.000"]
[ECO "C50"]
[PlyCount "112"]
[Result "1/2-1/2"]

1. e4 e5 2. Nf3 Nc6 3. Bc4 Be7 4. d4 d6 5. d5 Na5 6. b3 Nxc4 7. bxc4 Bg4 8. Be3 Nf6 9. Nc3 Qd7 10. O-O O-O-O 11. Nb5 a6 12. Nc3 h5 13. h3 Bxh3 14. gxh3 Qxh3 15. Ng5 Qg4+ 16. Qxg4+ Nxg4 17. Nxf7 Rh7 18. Nxd8 Bxd8 19. Ne2 h4 20. f3 Nxe3 21. Rf2 Nxc2 22. Rc1 Ne3 23. Rh2 c6 24. Rc3 Bb6 25. dxc6 Ng4+ 26. c5 Bxc5+ 27. Kg2 Nxh2 28. Kxh2 bxc6 29. f4 exf4 30. Nxf4 Bd4 31. Rxc6+ Kd7 32. Rxa6 Be5 33. Ra7+ Kc8 34. Rf7 Bxf4+ 35. Rxf4 g5 36. Rf6 Re7 37. Rxd6 Rxe4 38. Rc6+ Kd7 39. Rc5 g4 40. Rd5+ Kc6 41. Rh5 g3+ 42. Kg2 Re2+ 43. Kf3 g2 44. Rh6+ Kb5 45. Rh5+ Kc4 46. Rxh4+ Kd3 47. Rg4 Rxa2 48. Rxg2 Ra3 49. Rg3 Kc4+ 50. Kf4 Ra4 51. Kg5 Ra5+ 52. Kf4 Ra4 53. Kg5 Ra5+ 54. Kh4 Ra4 55. Rg4+ Kb5 56. Rxa4 Kxa4 {Neither player has mating material} 1/2-1/2

[Event "FICS rated blitz game"]
[Site "FICS freechess.org"]
[FICSGamesDBGameNo "20000696"]
[White "Rina"]
[Black "adder"]
[WhiteElo "1666"]
[BlackElo "1634"]
[WhiteRD "na"]
[BlackRD "na"]
[TimeControl "180+1"]
[Date "1999.05.24"]
[Time "18:34:00"]
[WhiteClock "0:03:00.000"]
[BlackClock "0:03:00.000"]
[ECO "B20"]
[PlyCount "43"]
[Result "1-0"]

1. e4 c5 2. b4 b6 3. d4 cxd4 4. Nf3 e6 5. a3 Bb7 6. Qxd4 Nf6 7. Bd3 Nc6 8. Qe3 e5 9. Bb2 d6 10. O-O Be7 11. Nc3 O-O 12. Nd5 Nxd5 13. exd5 Nb8 14. g4 Nd7 15. c4 f6 16. Bf5 Re8 17. h4 Bf8 18. h5 h6 19. Nh4 e4 20. Be6+ Kh7 21. Qxe4+ g6 22. Qxg6+ {Black resigns} 1-0

[Event "FICS rated lightning game"]
[Site "FICS freechess.org"]
[FICSGamesDBGameNo "20000695"]
[White "Noreaga"]
[Black "Eltoro"]
[WhiteElo "1450"]
[BlackElo "1660"]
[WhiteRD "na"]
[BlackRD "na"]
[TimeControl "120+0"]
[Date "1999.05.24"]
[Time "18:22:00"]
[WhiteClock "0:02:00.000"]
[BlackClock "0:02:00.000"]
[ECO "B43"]
[PlyCount "72"]
[Result "1-0"]

1. e4 c5 2. Nf3 e6 3. d4 cxd4 4. Nxd4 a6 5. Be2 Qc7 6. Nc3 Nf6 7. O-O Bb4 8. f3 d5 9. exd5 Bxc3 10. bxc3 Nxd5 11. c4 Nf4 12. Ba3 Nd7 13. g3 Nxe2+ 14. Qxe2 Nc5 15. Nb3 b6 16. Qe3 O-O 17. Nxc5 bxc5 18. Bxc5 Re8 19. Rfd1 Bb7 20. Rab1 Rac8 21. Bd6 Qc6 22. Kf2 Ba8 23. c5 Qa4 24. Qb3 Qc6 25. Qb6 Qxf3+ 26. Ke1 Qh1+ 27. Kd2 Rc6 28. Rxh1 Rxb6 29. Rxb6 Bxh1 30. Rxa6 Rd8 31. Ra7 h6 32. Rd7 Rxd7 33. Kc1 Bc6 34. Kb2 Kh7 35. Kc3 Kg6 36. Kd2 Kf5 {Black forfeits on time} 1-0

[Event "FICS rated blitz game"]
[Site "FICS freechess.org"]
[FICSGamesDBGameNo "20000694"]
[White "dfitzgib"]
[Black "Montblanc"]
[WhiteElo "1361"]
[BlackElo "1374"]
[WhiteRD "na"]
[BlackRD "na"]
[TimeControl "300+10"]
[Date "1999.05.24"]
[Time "17:59:00"]
[WhiteClock "0:05:00.000"]
[BlackClock "0:05:00.000"]
[ECO "D15"]
[PlyCount "103"]
[Result "1-0"]

1. d4 d5 2. c4 c6 3. Nf3 Nf6 4. Nc3 Bg4 5. Qb3 e6 6. Qxb7 Nbd7 7. Qxc6 Bb4 8. Ne5 Bh5 9. Bg5 Rc8 10. Qa4 a5 11. e3 O-O 12. Bd3 h6 13. Bxf6 Nxf6 14. O-O dxc4 15. Bxc4 Ne8 16. Nc6 Qd7 17. Bb5 Bd6 18. Ne4 Qb7 19. Nxd6 Nxd6 20. Nxa5 Qxb5 21. Qxb5 Nxb5 22. Nb7 Rc2 23. b3 Nc3 24. a3 Rb8 25. Nc5 Nd5 26. Rfc1 Rxc1+ 27. Rxc1 Be2 28. b4 Nb6 29. f3 Rc8 30. Kf2 Bb5 31. Ra1 Na4 32. Nxa4 Bxa4 33. Kg3 Rc3 34. e4 Rc4 35. Rb1 Rxd4 36. Rb2 Bb5 37. Ra2 Ba4 38. Kf4 Rd3 39. e5 g5+ 40. Ke4 Rb3 41. g3 Bc6+ 42. Kd4 Bxf3 43. Kc5 Bd5 44. Ra1 Rb2 45. b5 Kf8 46. Kb6 Rxh2 47. Ka7 Rh3 48. b6 Rxg3 49. a4 h5 50. a5 h4 51. a6 h3 52. Rb1 {Black forfeits on time} 1-0

[Event "FICS rated blitz game"]
[Site "FICS freechess.org"]
[FICSGamesDBGameNo "20000693"]
[White "geomck"]
[Black "KaptKoca"]
[WhiteElo "1680"]
[BlackElo "1633"]
[WhiteRD "na"]
[BlackRD "na"]
[TimeControl "300+0"]
[Date "1999.05.24"]
[Time "16:27:00"]
[WhiteClock "0:05:00.000"]
[BlackClock "0:05:00.000"]
[ECO "C30"]
[PlyCount "101"]
[Result "1-0"]

1. e4 e5 2. f4 Nc6 3. Nf3 d6 4. Bc4 Bg4 5. O-O Nf6 6. d3 h6 7. Nc3 a6 8. Be3 Be6 9. Bxe6 fxe6 10. fxe5 dxe5 11. Nh4 Bd6 12. Ng6 Rg8 13. Qe2 Kf7 14. Nh4 Rf8 15. Qh5+ Kg8 16. Qg6 Qe8 17. Rf3 Qxg6 18. Nxg6 Rf7 19. Raf1 Kh7 20. Nh4 g5 21. Rxf6 Rxf6 22. Rxf6 gxh4 23. Rxh6+ Kg7 24. Rxh4 Rg8 25. Rg4+ Kf7 26. Rxg8 Kxg8 27. g4 Ne7 28. h4 Kh7 29. Kg2 Ng6 30. h5 Nf4+ 31. Kg3 Kh6 32. Ne2 Kg5 33. d4 Kf6 34. dxe5+ Bxe5 35. Bxf4 Bxb2 36. g5+ Kg7 37. Bxc7 e5 38. Kg4 b5 39. Kf5 b4 40. h6+ Kh7 41. Bxe5 Bxe5 42. Kxe5 Kg6 43. Nf4+ Kf7 44. Kf5 a5 45. g6+ Ke7 46. g7 a4 47. g8=Q b3 48. Qe6+ Kd8 49. Nd5 bxc2 50. Qe7+ Kc8 51. Qc7# {Black checkmated} 1-0

[Event "FICS rated blitz game"]
[Site "FICS freechess.org"]
[FICSGamesDBGameNo "20000692"]
[White "babalino"]
[Black "FGT"]
[WhiteElo "1943"]
[BlackElo "2072"]
[WhiteRD "na"]
[BlackRD "na"]
[TimeControl "240+0"]
[Date "1999.05.24"]
[Time "15:03:00"]
[WhiteClock "0:04:00.000"]
[BlackClock "0:04:00.000"]
[ECO "B52"]
[PlyCount "75"]
[Result "1-0"]

1. e4 c5 2. Nf3 d6 3. Bb5+ Bd7 4. Bxd7+ Qxd7 5. O-O Nc6 6. c3 Nf6 7. d4 cxd4 8. cxd4 d5 9. e5 Ne4 10. Nbd2 Nxd2 11. Bxd2 e6 12. a3 Be7 13. b4 O-O 14. b5 Nb8 15. Qb3 a6 16. a4 axb5 17. axb5 Rxa1 18. Rxa1 Rc8 19. h3 Qc7 20. Rc1 Qd8 21. Rxc8 Qxc8 22. Kh2 Nd7 23. Bb4 Bxb4 24. Qxb4 Nb6 25. Qc5 Qd8 26. Nd2 h6 27. Nb3 Na4 28. Qa7 Nb2 29. Qxb7 Nd3 30. b6 Qg5 31. Qc8+ Kh7 32. Qc2 Qf4+ 33. Kg1 Qe4 34. b7 g6 35. b8=Q Qe1+ 36. Kh2 Nxf2 37. Qc1 Qc3 38. Qxc3 {Black resigns} 1-0

[Event "FICS rated blitz game"]
[Site "FICS freechess.org"]
[FICSGamesDBGameNo "20000691"]
[White "Thermopylae"]
[Black "gndo"]
[WhiteElo "1417"]
[BlackElo "1422"]
[WhiteRD "na"]
[BlackRD "na"]
[TimeControl "300+3"]
[Date "1999.05.24"]
[Time "11:10:00"]
[WhiteClock "0:05:00.000"]
[BlackClock "0:05:00.000"]
[ECO "D02"]
[PlyCount "126"]
[Result "0-1"]

1. d4 d5 2. Nf3 g6 3. e3 Bg7 4. Bd3 b6 5. c3 Bb7 6. O-O Nd7 7. Nbd2 e5 8. dxe5 Nxe5 9. Nxe5 Bxe5 10. Nf3 Bd6 11. Re1 c6 12. e4 Ne7 13. Bh6 Bc8 14. exd5 cxd5 15. Bb5+ Bd7 16. Bxd7+ Qxd7 17. Bg7 Rg8 18. Bd4 Rc8 19. Bf6 Rc4 20. Nd4 Qc7 21. g3 h5 22. Qe2 Kd8 23. Bxe7+ Bxe7 24. Qxe7+ Qxe7 25. Nc6+ Rxc6 26. Rxe7 Kxe7 27. Re1+ Kf6 28. Re2 Rc4 29. Kg2 Ra4 30. a3 Rc4 31. h4 Rd8 32. f3 Rd6 33. Re8 Re6 34. Ra8 Re7 35. Rd8 Re2+ 36. Kh3 Rxb2 37. Rxd5 Rxc3 38. Rd6+ Ke7 39. Rd4 Rxa3 40. Rf4 Rbb3 41. Kg2 a5 42. Re4+ Kd6 43. Rf4 b5 44. Rxf7 Rb2+ 45. Kh3 b4 46. Rf6+ Ke5 47. Rxg6 Rxf3 48. Rg5+ Kf6 49. Rxh5 a4 50. Rg5 a3 51. Ra5 a2 52. h5 Rf1 53. Ra6+ Kg5 54. Ra5+ Kf6 55. Ra6+ Ke5 56. Ra5+ Kd4 57. Kg4 a1=Q 58. Rxa1 Rxa1 59. h6 Ra8 60. Kg5 Rh8 61. g4 Rg2 62. Kh5 Rg8 63. h7 Rh2# {White checkmated} 0-1

[Event "FICS rated blitz game"]
[Site "FICS freechess.org"]
[FICSGamesDBGameNo "20000689"]
[White "bepo"]
[Black "JRF"]
[WhiteElo "1524"]
[BlackElo "1508"]
[WhiteRD "na"]
[BlackRD "na"]
[TimeControl "300+0"]
[Date "1999.05.24"]
[Time "08:58:00"]
[WhiteClock "0:05:00.000"]
[BlackClock "0:05:00.000"]
[ECO "E61"]
[PlyCount "49"]
[Result "1-0"]

1. d4 Nf6 2. c4 g6 3. Nc3 Bg7 4. Nf3 O-O 5. Bg5 d6 6. e3 Bg4 7. h3 Bxf3 8. Qxf3 c6 9. Bd3 e5 10. dxe5 dxe5 11. Qe2 Nbd7 12. O-O Qa5 13. Bh4 Rfe8 14. a3 Qc7 15. Bg3 a5 16. Rfd1 a4 17. Bc2 Nc5 18. Rd2 Rad8 19. Rad1 Rxd2 20. Rxd2 Nfe4 21. Nxe4 Nxe4 22. Bxe4 h6 23. Qd3 b5 24. Qd7 Qb8 25. Bxc6 {Black resigns} 1-0

[Event "FICS rated blitz game"]
[Site "FICS freechess.org"]
[FICSGamesDBGameNo "20000687"]
[White "Cepera"]
[Black "JRF"]
[WhiteElo "1458"]
[BlackElo "1508"]
[WhiteRD "na"]
[BlackRD "na"]
[TimeControl "300+0"]
[Date "1999.05.24"]
[Time "05:48:00"]
[WhiteClock "0:05:00.000"]
[BlackClock "0:05:00.000"]
[ECO "B23"]
[PlyCount "141"]
[Result "0-1"]

1. e4 c5 2. Nc3 d6 3. f4 Nf6 4. Nf3 Bg4 5. d3 e6 6. Be2 Be7 7. O-O O-O 8. h3 Bxf3 9. Bxf3 Nc6 10. Ne2 Qc7 11. c3 Rfd8 12. d4 cxd4 13. Nxd4 d5 14. Nxc6 bxc6 15. e5 Ne4 16. Bxe4 dxe4 17. Qe2 Bc5+ 18. Be3 Qb6 19. Bxc5 Qxc5+ 20. Kh2 Rab8 21. Rab1 Qd5 22. Rfe1 g6 23. Qxe4 Qxe4 24. Rxe4 Rd2 25. Rb4 Rxb4 26. cxb4 Rd4 27. a3 Rxf4 28. Kg3 Re4 29. Kf3 Rxe5 30. b3 Rd5 31. a4 Kf8 32. Ke4 Ke7 33. Rc1 f5+ 34. Ke3 Kd6 35. Rc3 a5 36. bxa5 Rxa5 37. Rd3+ Ke5 38. g4 Rc5 39. gxf5 gxf5 40. h4 Rc1 41. Kd2 Rh1 42. Rc3 Rxh4 43. Rxc6 Rh3 44. Rc5+ Kd6 45. b4 h5 46. Rc8 h4 47. Rd8+ Ke7 48. Rh8 Rh1 49. a5 h3 50. Ke2 Rb1 51. Rxh3 Rxb4 52. Ra3 Rb7 53. Ke3 e5 54. a6 Ra7 55. Ra5 Ke6 56. Kf3 Kd6 57. Ke3 Ke6 58. Kf3 e4+ 59. Kf4 e3 60. Kxe3 Kf6 61. Kf4 Ke6 62. Rxf5 Rxa6 63. Re5+ Kd6 64. Rh5 Ra4+ 65. Kg5 Ra5+ 66. Kg4 Ra4+ 67. Kg5 Ra2 68. Rh6+ Ke5 69. Rh8 Rg2+ 70. Kh6 Rh2+ 71. Kg7 {White forfeits on time} 0-1

[Event "FICS rated blitz game"]
[Site "FICS freechess.org"]
[FICSGamesDBGameNo "20000686"]
[White "Qsupov"]
[Black "RAH"]
[WhiteElo "1736"]
[BlackElo "1488"]
[WhiteRD "na"]
[BlackRD "na"]
[TimeControl "300+0"]
[Date "1999.05.23"]
[Time "21:47:00"]
[WhiteClock "0:05:00.000"]
[BlackClock "0:05:00.000"]
[ECO "C55"]
[PlyCount "44"]
[Result "0-1"]

1. e4 e5 2. Nf3 Nc6 3. d4 exd4 4. Bc4 Nf6 5. e5 d5 6. Bb5 Ne4 7. Nxd4 Bd7 8. Bxc6 bxc6 9. O-O Bc5 10. Nb3 Bb6 11. Nc3 Qh4 12. Nxe4 Qxe4 13. c3 Be6 14. Re1 Qg6 15. Nd4 Bxd4 16. cxd4 O-O 17. Be3 Rae8 18. Rc1 Bd7 19. Qa4 f5 20. exf6 Rxf6 21. Qxa7 Bh3 22. g3 Qe4 {White resigns} 0-1

[Event "FICS rated lightning game"]
[Site "FICS freechess.org"]
[FICSGamesDBGameNo "20000685"]
[White "Botvinnikov"]
[Black "monimo"]
[WhiteElo "1739"]
[BlackElo "1817"]
[WhiteRD "na"]
[BlackRD "na"]
[TimeControl "120+0"]
[Date "1999.05.23"]
[Time "19:27:00"]
[WhiteClock "0:02:00.000"]
[BlackClock "0:02:00.000"]
[ECO "A80"]
[PlyCount "42"]
[Result "0-1"]

1. d4 f5 2. h3 Nf6 3. g4 d5 4. gxf5 Bxf5 5. f3 Nc6 6. Nc3 e6 7. Bg5 Be7 8. h4 Qd7 9. Qd2 O-O-O 10. O-O-O Bb4 11. a3 Ba5 12. b4 Bb6 13. e3 Rde8 14. Nge2 h6 15. Ng3 hxg5 16. Nxf5 exf5 17. Bg2 g4 18. fxg4 fxg4 19. Ne2 Ne4 20. Nf4 Nxd2 21. Rxd2 Rxe3 {White resigns} 0-1

[Event "FICS rated blitz game"]
[Site "FICS freechess.org"]
[FICSGamesDBGameNo "20000682"]
[White "kicker"]
[Black "Garak"]
[WhiteElo "1717"]
[BlackElo "1702"]
[WhiteRD "na"]
[BlackRD "na"]
[TimeControl "180+0"]
[Date "1999.05.23"]
[Time "13:56:00"]
[WhiteClock "0:03:00.000"]
[BlackClock "0:03:00.000"]
[ECO "A05"]
[PlyCount "60"]
[Result "1-0"]

1. Nf3 Nf6 2. g3 b6 3. Bg2 Bb7 4. O-O c5 5. d3 d5 6. Nbd2 Nbd7 7. Re1 e5 8. e4 d4 9. Nf1 Be7 10. Bg5 O-O 11. h4 h6 12. Bc1 Nh7 13. N1h2 Bc8 14. Rf1 Bd6 15. Ne1 f5 16. exf5 Rxf5 17. Bxa8 Ndf8 18. Be4 Rf6 19. Ng4 Bxg4 20. Qxg4 Qd7 21. Qxd7 Nxd7 22. a4 a5 23. c3 Nhf8 24. cxd4 exd4 25. f4 Ne6 26. Bd5 Kf8 27. Nf3 Nc7 28. Be4 Rf7 29. Bd2 Nf6 30. Rae1 Na6 {Black resigns} 1-0

[Event "FICS rated blitz game"]
[Site "FICS freechess.org"]
[FICSGamesDBGameNo "20000681"]
[White "noplay"]
[Black "Quail"]
[WhiteElo "1053"]
[BlackElo "1332"]
[WhiteRD "na"]
[BlackRD "na"]
[TimeControl "300+0"]
[Date "1999.05.23"]
[Time "13:27:00"]
[WhiteClock "0:05:00.000"]
[BlackClock "0:05:00.000"]
[ECO "A00"]
[PlyCount "64"]
[Result "0-1"]

1. b4 d5 2. Bb2 e6 3. Nf3 Nf6 4. a3 b5 5. g3 Bb7 6. Bg2 a5 7. Nc3 axb4 8. axb4 Bxb4 9. Nxb5 Nbd7 10. c3 Bc5 11. d4 Be7 12. O-O O-O 13. Ne5 Nxe5 14. dxe5 Ne4 15. Bxe4 dxe4 16. Qxd8 Bxd8 17. e3 f5 18. Nd4 Re8 19. Nb5 Rxa1 20. Rxa1 Bd5 21. Ra7 c6 22. Nd6 Re7 23. Rxe7 Bxe7 24. Nc8 Bc5 25. h4 Kf7 26. Nd6+ Bxd6 27. exd6 Ke8 28. Kh2 Kd7 29. Ba3 e5 30. Kh3 h6 31. h5 Ke6 32. Kh4 Kd7 {White forfeits on time} 0-1

[Event "FICS rated lightning game"]
[Site "FICS freechess.org"]
[FICSGamesDBGameNo "20000680"]
[White "seirios"]
[Black "Pirata"]
[WhiteElo "1796"]
[BlackElo "1649"]
[WhiteRD "na"]
[BlackRD "na"]
[TimeControl "60+0"]
[Date "1999.05.23"]
[Time "13:04:00"]
[WhiteClock "0:01:00.000"]
[BlackClock "0:01:00.000"]
[ECO "A00"]
[PlyCount "97"]
[Result "1-0"]

1. d3 d5 2. Nd2 e5 3. e4 Bb4 4. c3 Bc5 5. Ngf3 d4 6. c4 Nd7 7. g3 c6 8. Bg2 Ngf6 9. O-O Nb6 10. a3 Bg4 11. b4 Bd6 12. h3 Bxf3 13. Nxf3 Bc7 14. Bg5 h6 15. Bd2 O-O 16. Qc1 Nbd7 17. Bxh6 gxh6 18. Qxh6 Nh7 19. h4 Qf6 20. Qd2 Qg7 21. Rac1 Rae8 22. Ng5 Nxg5 23. hxg5 Kh7 24. f3 Rh8 25. Kf2 Kg8 26. Rh1 Kf8 27. Rh3 Ke7 28. Rch1 Rxh3 29. Rxh3 Rh8 30. Rxh8 Qxh8 31. f4 Qh2 32. f5 b5 33. g6 fxg6 34. Qg5+ Ke8 35. Qxg6+ Kd8 36. Qg8+ Nf8 37. Qxf8+ Kd7 38. f6 Bd6 39. Qf7+ Kc8 40. c5 Qh8 41. cxd6 Qd8 42. Qe7 Qxe7 43. dxe7 Kd7 44. g4 Ke8 45. g5 Kf7 46. Bh3 Ke8 47. Be6 c5 48. g6 a5 49. f7+ {Black forfeits on time} 1-0

[Event "FICS rated blitz game"]
[Site "FICS freechess.org"]
[FICSGamesDBGameNo "20000679"]
[White "matthy"]
[Black "chessISevil"]
[WhiteElo "1788"]
[BlackElo "1652"]
[WhiteRD "na"]
[BlackRD "na"]
[TimeControl "300+0"]
[Date "1999.05.23"]
[Time "12:36:00"]
[WhiteClock "0:05:00.000"]
[BlackClock "0:05:00.000"]
[ECO "A13"]
[PlyCount "68"]
[Result "0-1"]

1. c4 e6 2. Nc3 d5 3. e3 c6 4. d4 f5 5. Bd3 Nf6 6. Qc2 Bd6 7. Nge2 Ne4 8. f3 Nxc3 9. Nxc3 O-O 10. c5 Qh4+ 11. Qf2 Qxf2+ 12. Kxf2 Bc7 13. Bd2 Bd7 14. b4 Be8 15. b5 a6 16. bxc6 Bxc6 17. Rab1 Nd7 18. Rb2 h6 19. h4 g5 20. hxg5 hxg5 21. Rh6 Rf6 22. Rh5 Rg6 23. Rb1 Kg7 24. Rbh1 Rg8 25. Rh7+ Kf6 26. g4 R8g7 27. gxf5 exf5 28. Rxg7 Rxg7 29. Rh6+ Rg6 30. Rh7 g4 31. Nxd5+ Bxd5 32. Rxd7 g3+ 33. Kg2 Bxf3+ 34. Kg1 Rh6 {White resigns} 0-1

[Event "FICS rated lightning game"]
[Site "FICS freechess.org"]
[FICSGamesDBGameNo "20000678"]
[White "Unicorn"]
[Black "FutureKing"]
[WhiteElo "1612"]
[BlackElo "1496"]
[WhiteRD "na"]
[BlackRD "na"]
[TimeControl "120+0"]
[Date "1999.05.23"]
[Time "09:53:00"]
[WhiteClock "0:02:00.000"]
[BlackClock "0:02:00.000"]
[ECO "B21"]
[PlyCount "35"]
[Result "1-0"]

1. e4 c5 2. d4 cxd4 3. Qxd4 Nc6 4. Qd1 Nf6 5. Nf3 Nxe4 6. Bd3 d5 7. O-O Bg4 8. c4 e5 9. Nc3 Nxc3 10. bxc3 e4 11. cxd5 Bxf3 12. gxf3 exd3 13. dxc6 bxc6 14. Re1+ Be7 15. Bg5 f6 16. Bf4 g5 17. Bg3 Qc7 18. Bxc7 {Black resigns} 1-0

[Event "FICS rated blitz game"]
[Site "FICS freechess.org"]
[FICSGamesDBGameNo "20000677"]
[White "Mil"]
[Black "Pepo"]
[WhiteElo "1577"]
[BlackElo "1616"]
[WhiteRD "na"]
[BlackRD "na"]
[TimeControl "120+12"]
[Date "1999.05.23"]
[Time "07:04:00"]
[WhiteClock "0:02:00.000"]
[BlackClock "0:02:00.000"]
[ECO "E18"]
[PlyCount "71"]
[Result "1-0"]

1. d4 Nf6 2. c4 e6 3. Nf3 b6 4. g3 Bb7 5. Bg2 Be7 6. O-O O-O 7. Nc3 Ne4 8. Qc2 d5 9. Ne5 Nxc3 10. Qxc3 c6 11. f4 f6 12. Nd3 Nd7 13. e4 dxe4 14. Bxe4 Qc7 15. Re1 Rfe8 16. f5 exf5 17. Bxf5 Bf8 18. Bf4 Qd8 19. Be6+ Kh8 20. Bd2 Bc8 21. Nf4 Bd6 22. Bf7 Re7 23. Ne6 Rxe6 24. Rxe6 Qc7 25. Ree1 Nf8 26. Bh5 Bf5 27. Qf3 Qd7 28. Qf2 Rd8 29. Bc3 Bd3 30. b3 Ne6 31. Rad1 Nc5 32. dxc5 Bxc5 33. Re3 Bxe3 34. Qxe3 Qf5 35. Bf3 h6 36. Be4 {Black resigns} 1-0

[Event "FICS rated blitz game"]
[Site "FICS freechess.org"]
[FICSGamesDBGameNo "20000676"]
[White "Kewl"]
[Black "Rhohan"]
[WhiteElo "1404"]
[BlackElo "1316"]
[WhiteRD "na"]
[BlackRD "na"]
[TimeControl "300+13"]
[Date "1999.05.23"]
[Time "00:16:00"]
[WhiteClock "0:05:00.000"]
[BlackClock "0:05:00.000"]
[ECO "B02"]
[PlyCount "115"]
[Result "1-0"]

1. e4 Nf6 2. Nc3 d5 3. exd5 Nxd5 4. Nxd5 Qxd5 5. Nf3 Nc6 6. d3 Bg4 7. Be2 Qe6 8. O-O h6 9. Bf4 O-O-O 10. Re1 g5 11. Bg3 f5 12. h3 Bh5 13. Nh2 Bxe2 14. Rxe2 Qg6 15. Nf3 g4 16. Nh4 Qg5 17. hxg4 f4 18. Nf3 Qxg4 19. Re4 e5 20. Bh2 Bd6 21. Nd2 Qg5 22. Kh1 Rhg8 23. Qg1 Rdf8 24. a3 Rg6 25. Nf3 Qf6 26. Nd2 Rfg8 27. g3 fxg3 28. Bxg3 h5 29. Qh2 Ne7 30. Bh4 Qf8 31. Bg3 Nf5 32. Nf1 h4 33. Bxh4 Rg1+ 34. Qxg1 Rxg1+ 35. Kxg1 Nxh4 36. Rxh4 Qg8+ 37. Kh1 Qd5+ 38. Re4 Qf7 39. Kg2 Qg6+ 40. Ng3 Qg5 41. Rh1 b6 42. Rh5 Qd2 43. Re2 Qc1 44. c3 Qb1 45. d4 exd4 46. cxd4 Qd3 47. Rh4 Bxg3 48. Re3 Qd2 49. Rxg3 Qxb2 50. Rh8+ Kb7 51. Rg7 Qxd4 52. Rhh7 Qd5+ 53. Kf1 Qd3+ 54. Kg2 Qxa3 55. Rxc7+ Kb8 56. Rcg7 Qf8 57. Rxa7 Kc8 58. Ra8# {Black checkmated} 1-0

[Event "FICS rated lightning game"]
[Site "FICS freechess.org"]
[FICSGamesDBGameNo "20000675"]
[White "Emasculator"]
[Black "jkoss"]
[WhiteElo "1803"]
[BlackElo "1684"]
[WhiteRD "na"]
[BlackRD "na"]
[TimeControl "60+0"]
[Date "1999.05.22"]
[Time "18:38:00"]
[WhiteClock "0:01:00.000"]
[BlackClock "0:01:00.000"]
[ECO "C00"]
[PlyCount "109"]
[Result "1-0"]

1. e4 e6 2. d4 c5 3. c3 b6 4. Be2 cxd4 5. cxd4 Bb7 6. Bf3 Nf6 7. e5 Bxf3 8. Nxf3 Nd5 9. O-O Nc6 10. Nc3 Nxc3 11. bxc3 Be7 12. a4 O-O 13. Ba3 Bxa3 14. Rxa3 Rc8 15. Qe2 d6 16. Rb1 dxe5 17. Nxe5 Nxe5 18. Qxe5 Qh4 19. g3 Qg4 20. Rab3 Qf3 21. Qe3 Qc6 22. a5 b5 23. Rxb5 Qxc3 24. Qxc3 Rxc3 25. Rb7 Rd3 26. R1b4 Rd8 27. Rxa7 h6 28. Rbb7 Rd1+ 29. Kg2 R1xd4 30. Rxf7 R4d5 31. Rxg7+ Kf8 32. Raf7+ Ke8 33. a6 R8d7 34. Rxd7 Rxd7 35. Rxd7 Kxd7 36. a7 Kd6 37. a8=Q e5 38. Qf3 Kc5 39. Qh5 Kd4 40. Qxh6 e4 41. h4 Kd3 42. Qf4 Kc3 43. Qe3+ Kc4 44. Qxe4+ Kc5 45. h5 Kd6 46. h6 Kc7 47. Qg6 Kd7 48. h7 Ke7 49. Qg5+ Kd7 50. Qh5 Kc6 51. h8=Q Kd6 52. Q8h6+ Ke7 53. Q5g5+ Kd7 54. Qgg7+ Ke8 55. Qhh8# {Black checkmated} 1-0

[Event "FICS rated blitz game"]
[Site "FICS freechess.org"]
[FICSGamesDBGameNo "20000673"]
[White "ssk"]
[Black "Roederer"]
[WhiteElo "1394"]
[BlackElo "874"]
[WhiteRD "na"]
[BlackRD "na"]
[TimeControl "120+10"]
[Date "1999.05.22"]
[Time "11:43:00"]
[WhiteClock "0:02:00.000"]
[BlackClock "0:02:00.000"]
[ECO "C40"]
[PlyCount "125"]
[Result "1-0"]

1. e4 e5 2. Nf3 Qf6 3. Bc4 d6 4. d3 Bg4 5. Bg5 Bxf3 6. Bxf6 Bxd1 7. Kxd1 Nxf6 8. Nc3 Ng4 9. Re1 Nxf2+ 10. Ke2 Ng4 11. Rf1 f6 12. Nd5 Kd8 13. h3 Nh6 14. g4 a6 15. h4 Nxg4 16. Rg1 Nh6 17. Rg2 b5 18. Bb3 Nf7 19. Ne3 Nc6 20. Bxf7 Nd4+ 21. Kd2 Nf3+ 22. Kd1 Nxh4 23. Bd5 Rb8 24. Rg4 Nf3 25. Nf5 g6 26. Ng3 Rg8 27. Bxg8 h5 28. Rxg6 Be7 29. Nxh5 c5 30. Bd5 b4 31. Rg8+ Kc7 32. Rxb8 Kxb8 33. Bc4 a5 34. Ke2 Nd4+ 35. Kf1 Nxc2 36. Rc1 Ne3+ 37. Ke2 Ng4 38. a3 bxa3 39. bxa3 Kb7 40. Rg1 Nh2 41. Rg7 Kb6 42. Rxe7 a4 43. Nxf6 Kc6 44. Bd5+ Kb5 45. Rb7+ Ka5 46. Ne8 Ng4 47. Nxd6 Nf6 48. Nc4+ Ka6 49. Nxe5 Nxd5 50. exd5 Kxb7 51. Kd2 Kc7 52. Kc3 Kd6 53. Kc4 Kxe5 54. Kxc5 Kf6 55. Kd6 Kf7 56. Kd7 Kf6 57. d6 Ke5 58. Kc7 Ke6 59. d4 Kf7 60. Kd8 Ke6 61. d7 Kd6 62. Kc8 Ke7 63. d8=Q+ {Black resigns} 1-0

[Event "FICS rated blitz game"]
[Site "FICS freechess.org"]
[FICSGamesDBGameNo "20000672"]
[White "Crashed"]
[Black "Barta"]
[WhiteElo "1281"]
[BlackElo "1193"]
[WhiteRD "na"]
[BlackRD "na"]
[TimeControl "300+0"]
[Date "1999.05.22"]
[Time "11:22:00"]
[WhiteClock "0:05:00.000"]
[BlackClock "0:05:00.000"]
[ECO "A46"]
[PlyCount "99"]
[Result "0-1"]

1. d4 Nf6 2. Nf3 e6 3. a3 Nc6 4. e3 d5 5. Bd3 g6 6. O-O Bg7 7. Re1 b6 8. Nbd2 Bb7 9. Nf1 O-O 10. Ng3 h5 11. c4 dxc4 12. Bxc4 Na5 13. Bd3 Bxf3 14. Qxf3 Nb3 15. Rb1 Nxc1 16. Rbxc1 Nd5 17. e4 Nf6 18. e5 Nd7 19. Ne4 f6 20. Nxf6+ Bxf6 21. exf6 Rxf6 22. Qg3 Qf8 23. Bxg6 Kh8 24. Bxh5 Qg8 25. Qxg8+ Rxg8 26. g3 Rg5 27. Be2 Rd5 28. Rxc7 Nf8 29. Rxa7 Ng6 30. Ra8+ Kg7 31. Bc4 Rxd4 32. Bxe6 Rd6 33. Bb3 Rd2 34. Ra7+ Kh6 35. f4 Rxb2 36. Bf7 Nf8 37. Re8 Nh7 38. Rh8 Rb1+ 39. Kg2 Rb2+ 40. Kh3 Rd6 41. Bg8 Kg6 42. Bxh7+ Kf6 43. Rf8+ Ke6 44. Re8+ Kd5 45. Bg8+ Kc5 46. Re5+ Kd4 47. Ra4+ Kc3 48. Re3+ Kc2 49. Rc4+ Kb1 50. Re1+ {White forfeits on time} 0-1

[Event "FICS rated blitz game"]
[Site "FICS freechess.org"]
[FICSGamesDBGameNo "20000671"]
[White "Gobi"]
[Black "Burstow"]
[WhiteElo "1980"]
[BlackElo "1951"]
[WhiteRD "na"]
[BlackRD "na"]
[TimeControl "180+0"]
[Date "1999.05.22"]
[Time "03:33:00"]
[WhiteClock "0:03:00.000"]
[BlackClock "0:03:00.000"]
[ECO "B31"]
[PlyCount "58"]
[Result "0-1"]

1. e4 c5 2. Nf3 Nc6 3. Bb5 g6 4. O-O Bg7 5. Re1 Nf6 6. c3 O-O 7. d4 d5 8. exd5 Qxd5 9. c4 Qd6 10. d5 Nd4 11. Nxd4 cxd4 12. h3 e5 13. Bg5 a6 14. Ba4 b5 15. cxb5 Nxd5 16. Nd2 h6 17. Ne4 Qb6 18. Bb3 Be6 19. Bd2 axb5 20. Qf3 f5 21. Nc3 Nxc3 22. bxc3 e4 23. Qg3 Kh7 24. cxd4 Bxd4 25. Rab1 Bxb3 26. Rxb3 Rxa2 27. Be3 f4 28. Bxf4 Bxf2+ 29. Qxf2 Qxf2+ {White resigns} 0-1

[Event "FICS rated lightning game"]
[Site "FICS freechess.org"]
[FICSGamesDBGameNo "20000670"]
[White "Mukul"]
[Black "checkmateJIM"]
[WhiteElo "1664"]
[BlackElo "1700"]
[WhiteRD "na"]
[BlackRD "na"]
[TimeControl "60+0"]
[Date "1999.05.22"]
[Time "02:35:00"]
[WhiteClock "0:01:00.000"]
[BlackClock "0:01:00.000"]
[ECO "D32"]
[PlyCount "56"]
[Result "0-1"]

1. d4 d5 2. c4 e6 3. Nc3 c5 4. Nf3 cxd4 5. Nxd4 e5 6. Nf3 d4 7. Nd5 Nc6 8. Bg5 f6 9. Bh4 e4 10. Nd2 Be6 11. Qa4 Bxd5 12. cxd5 Qxd5 13. Bg3 Bb4 14. Rd1 e3 15. fxe3 dxe3 16. Qc2 Bxd2+ 17. Rxd2 exd2+ 18. Qxd2 Qxd2+ 19. Kxd2 O-O-O+ 20. Kc2 Nge7 21. e3 Nd5 22. Bb5 Nxe3+ 23. Kb1 Nd4 24. Rc1+ Nc6 25. Bxc6 bxc6 26. Rxc6+ Kb7 27. Rc7+ Kb6 28. Rxg7 Rd1# {White checkmated} 0-1